 Dungeon Crawl Stone Soup version 0.27.0-1-g7a089689b8 (webtiles) character file.

Game seed: 2643466181805407240

18 Smaepdii the Grave Robber (level 2, -1/22 HPs)
             Began as a Deep Dwarf Necromancer on Aug 6, 2021.
             Killed from afar by Natasha (5 damage)
             ... with a magic dart
             ... on level 2 of the Dungeon.
             The game lasted 00:05:31 (1198 turns).

Smaepdii the Grave Robber (Deep Dwarf Necromancer)  Turns: 1198, Time: 00:05:31

Health: -1/22      AC:  2    Str: 11    XL:     2   Next: 51%
Magic:  2/2        EV: 12    Int: 15    God:
Gold:   26         SH:  0    Dex: 13    Spells: 2/4 levels left

rFire    . . .     SeeInvis .   b - +0 spear
rCold    . . .     Faith    .   (no shield)
rNeg     . . .     Spirit   .   a - +0 robe
rPois    .         Reflect  .   (no helmet)
rElec    .         Harm     .   (no cloak)
rCorr    .         Rampage  .   (no gloves)
Will     .....                  (no boots)
Stlth    ++........             (no amulet)
HPRegen  0.00/turn              (no ring)
MPRegen  0.08/turn              (no ring)

@: lethally poisoned (-1 -> -1)
A: damage resistance, heal wounds, sense surroundings 1, no regeneration
a: Heal Wounds


You were on level 2 of the Dungeon.
You visited 1 branch of the dungeon, and saw 2 of its levels.

You collected 26 gold pieces.

Inventory:

Hand Weapons
 b - a +0 spear (weapon)
Armour
 a - a +0 robe (worn)
 g - a +0 leather armour
Magical Staves
 h - a staff of air
Scrolls
 c - a scroll of teleportation {unknown}
 d - a scroll of amnesia {unknown}
 f - a scroll of identify {unknown}
Potions
 e - 2 potions of flight {unknown}


   Skills:
 - Level 2.4 Dodging
 - Level 2.7 Stealth
 - Level 1.9 Spellcasting
 + Level 4.9 Necromancy


You had 2 spell levels left.
You knew the following spells:

 Your Spells              Type           Power      Damage    Failure   Level
a - Pain                  Necr           64%        1d7       3%          1
b - Animate Skeleton      Necr           32%        N/A       3%          1

Your spell library contained the following spells:

 Spells                   Type           Power      Damage    Failure   Level
 Vampiric Draining        Necr           8%         2d7       9%          3
 Animate Dead             Necr           8%         N/A       30%         4
 Agony                    Necr           16%        N/A       63%         5


Dungeon Overview and Level Annotations

Branches:
Dungeon (2/15)

Altars:

Shops:
D:1 =

Annotations:
D:2 Natasha


Innate Abilities, Weirdness & Mutations

You are resistant to damage.
You can heal yourself by infusing magical energy.
You passively map a small area around you.
You do not regenerate.


Message History

The shadow imp hits you.
* * * LOW HITPOINT WARNING * * *
Casting: Animate Skeleton (safe; 3% risk of failure)
Confirm with . or Enter, or press ? or * to list all spells.
Okay, then.
You fail to use your ability.
The adder misses you. Natasha claws you but does no damage.
The shadow imp barely misses you. The adder misses you.
You fail to use your ability.
You are no longer poisoned.
Natasha closely misses you. The shadow imp hits you. The adder bites you.
You feel much better. The adder bites you.
You are poisoned.
The adder poisons you! Natasha claws you. The shadow imp barely misses you.
You barely miss the adder.
The adder is heavily wounded.
The adder closely misses you.
Natasha wildly gestures.
Natasha shimmers violently.
Natasha mumbles some strange words.
The shadow imp hits you. The adder barely misses you.
You hit the adder.
The adder is almost dead.
Natasha casts a spell at you. The magic dart hits you!
The adder closely misses you. The shadow imp hits you.
You closely miss the adder.
The adder is almost dead.
The adder bites you. Natasha claws you.
* * * LOW HITPOINT WARNING * * *
The shadow imp misses you. The adder misses you.
You miss the adder.
The adder is almost dead.
Natasha casts a spell at you. You resist with some effort.
The shadow imp misses you. The adder barely misses you.
The crimson imp blinks!
You barely miss the adder.
The adder is almost dead.
Natasha stares at you and mumbles some strange words.
The magic dart hits you!
You die...

,, #.# #.......... ≈ #.#
#..#....... ≈... #.#
#.......... , .≈..≈ #.#
#.......... , .≈.. ≈#.#
#...######* ≈..K
##.########...# ....
#.............#
....##.##.....##Sh.#
....#..##...h.##@5§#
.......##.....##...#
..............##...#
.....>.......###...#
#####.......Z#
#...######### ,*
#........# ##.5........#
#........# ##..........# ,
#........###...........#
**#........#.....^...#####


You could see Natasha, a crimson imp (summoned), an adder and a shadow imp
(summoned).

Vanquished Creatures
  A dart slug (D:1)
  An endoplasm (D:1)
  2 giant cockroaches
  2 hobgoblins (D:1)
  A quokka (D:2)
  2 ball pythons (D:1)
  3 frilled lizards
  2 kobolds (D:1)
  3 rats (D:1)
17 creatures vanquished.

Notes
Turn   | Place    | Note
-------+----------+-------------------------------------------
     0 | D:1      | Smaepdii the Deep Dwarf Necromancer began the quest for the
                  | Orb.
     0 | D:1      | Reached XP level 1. HP: 15/15 MP: 3/3
   175 | D:1      | Learned a level 1 spell: Animate Skeleton
   403 | D:1      | Reached XP level 2. HP: 22/22 MP: 3/3
   650 | D:1      | Found Acausuaf's Jewellery Shoppe.
  1171 | D:2      | Noticed Natasha
  1195 | D:2      | Noticed a crimson imp
  1198 | D:2      | Killed from afar by Natasha

Illustrated notes

Levels and vault maps discovered:
D:1:      dpeg_arrival_water_fire, layout_basic, serial_shops,
          nicolae_shop_crystal, serial_bayou_crossing
D:2:      cheibrodos_helix_gallery, layout_basic, uniq_natasha

Action                   || total
-------------------------++-------
Melee: Spear             ||    65
       Unarmed           ||    12
 Cast: Animate Skeleton  ||     5
 Abil: Heal Wounds       ||     3
 Stab: Sleeping          ||     2
Armor: Robe              ||    11
Dodge: Dodged            ||    45
